 Dungeon Crawl Stone Soup version 0.28.0-45-g0d030f2227 (webtiles) character file.

Game seed: 5379997837994830080

165 Bruhh the Chopper (level 5, -1/32 HPs)
             Began as a Gargoyle Fighter on Apr 18, 2022.
             Splashed by a jelly's acid (9 damage)
             ... on level 4 of the Dungeon.
             The game lasted 00:04:50 (2681 turns).

Bruhh the Chopper (Gargoyle Fighter)                Turns: 2681, Time: 00:04:50

Health: -1/32      AC:  6    Str: 21    XL:     5   Next: 46%
Magic:  5/5        EV:  9    Int:  9    God:
Gold:   134        SH:  4    Dex:  9    Spells: 4/4 levels left

rFire   . . .      SeeInvis .   a - +0 war axe
rCold   . . .      Faith    .   c - +0 buckler
rNeg    + . .      Spirit   .   b - +0 scale mail
rPois   ∞          Reflect  .   (no helmet)
rElec   +          Harm     .   (no cloak)
rCorr   .          Rampage  .   (no gloves)
Will    .....                   (no boots)
Stlth   ..........              (no amulet)
HPRegen 0.10/turn               (no ring)
MPRegen 0.09/turn               (no ring)

@: corroded
A: sickness immunity, AC +4, negative energy resistance 1, electricity
resistance, torment resistance 1, petrification resistance
a: no special abilities


You were on level 4 of the Dungeon.
You visited 1 branch of the dungeon, and saw 4 of its levels.

You collected 134 gold pieces.

Inventory:

Hand Weapons
 a - a +0 war axe (weapon)
Armour
 b - a +0 scale mail (worn)
 c - a +0 buckler (worn)
Jewellery
 k - a ring of see invisible
Scrolls
 i - a scroll of noise {unknown}
 j - a scroll of identify {unknown}
Potions
 d - a potion of might
 e - 2 potions of curing {unknown}
 f - a potion of flight {unknown}
 g - 2 potions of berserk rage {unknown}
 h - a potion of ambrosia {unknown}


   Skills:
 - Level 3.2 Fighting
 + Level 5.0 Axes
 - Level 3.2 Armour
 - Level 3.2 Shields


You had 4 spell levels left.
You didn't know any spells.
Your spell library was empty.

Dungeon Overview and Level Annotations

Branches:
Dungeon (4/15)
 Temple: D:4-7

Altars:


Innate Abilities, Weirdness & Mutations

You are immune to sickness and miasma.
Your stone body is resilient. (AC +4)
You are immune to poison.
You resist negative energy. (rN+)
You are resistant to electric shocks. (rElec)
You are resistant to unholy torment.
You are immune to petrification.


Message History

You hit the orc.
The orc is severely wounded.
You hit the orc but do no damage.
The orc priest mumbles some strange prayers to Beogh against you.
Beogh smites you! The orc barely misses you.
You closely miss the orc. The orc barely misses you.
You barely miss the orc. The orc barely misses you.
You hit the orc.
The orc is heavily wounded.
You block the orc's attack.
The orc priest mumbles some strange prayers to Beogh against you.
Beogh smites you!
* * * LOW HITPOINT WARNING * * *
The orc barely misses you.
You enter the shallow water.
Moving in this stuff is going to be slow.
The orc closely misses you.
Things that are here:
a +0 flail; a +0 leather armour; an orc skeleton The orc hits you but does no damage.
There is a stone staircase leading down here.
You climb downwards.
There is a stone staircase leading up here.
You start resting.
A jelly comes into view.
The jelly quivers.
The jelly hits you. The acid corrodes you!
You are splashed with acid!
You are too injured to fight recklessly!
You are too injured to fight recklessly!
You are too injured to fight recklessly!
You are too injured to fight recklessly!
You are too injured to fight recklessly!
You are too injured to fight recklessly!
You are too injured to fight recklessly!
You hit the jelly but do no damage.
Your hands burn!
* * * LOW HITPOINT WARNING * * *
The jelly hits you.
* * * LOW HITPOINT WARNING * * *
You are splashed with acid!
You die...

### #.. #
#.####.#
##.####.#....
......J...#
#@####.#
#<.....#
########


You could see a jelly.

Vanquished Creatures
  2 orc priests (D:2)
  An orc wizard (D:3)
  2 adders (D:3)
  7 dart slugs
  7 orcs
  5 endoplasms
  2 giant cockroaches (D:1)
  5 goblins
  A hobgoblin (D:1)
  3 ball pythons
  2 bats
  4 frilled lizards
  4 kobolds
  2 rats (D:1)
47 creatures vanquished.

Notes
Turn   | Place    | Note
-------+----------+-------------------------------------------
     0 | D:1      | Bruhh the Gargoyle Fighter began the quest for the Orb.
     0 | D:1      | Reached XP level 1. HP: 14/14 MP: 1/1
    21 | D:1      | Reached skill level 2 in Axes
    95 | D:1      | Reached XP level 2. HP: 19/19 MP: 2/2
   765 | D:1      | Reached skill level 3 in Axes
   789 | D:1      | Found a faded altar of an unknown god.
   825 | D:1      | Reached XP level 3. HP: 23/23 MP: 3/3
  1293 | D:2      | Reached skill level 4 in Axes
  1293 | D:2      | Reached XP level 4. HP: 26/28 MP: 4/4
  2102 | D:3      | Reached XP level 5. HP: 27/32 MP: 5/5
  2360 | D:3      | Reached skill level 5 in Axes
  2681 | D:4      | Splashed by a jelly's acid

Illustrated notes

Levels and vault maps discovered:
D:1:      amcnicky_arrival_single_pillar, layout_basic,
          shapermc_ecumenical_altar_venn
D:2:      cheibrodos_pilgrimage, layout_basic
D:3:      layout_loops_ring, mainiacjoe_overflow_cross_hatched,
          amethyst_killhole, chequers_serial_rivers_small_a, uniq_natasha
D:4:      layout_loops_cross, grunt_ministairs_13, minmay_misc_feat_doors,
          chequers_serial_rivers_micro_a, pf_guarded_unrand_meek

Skill      XL: |  1  2  3  4  5 |
---------------+----------------+-----
Axes           | 2 3 4 5 |  5.0
Fighting       | |  3.2
Armour         | |  3.2
Shields        | |  3.2

Action                   |  1- 3 |  4- 6 || total
-------------------------+-------+-------++-------
Melee: War axe           |    74 |    58 ||   132
Armor: Scale mail        |    49 |    30 ||    79
Dodge: Dodged            |    28 |    27 ||    55
Block: Buckler           |    13 |    10 ||    23
